 Dungeon Crawl Stone Soup version 0.25-a0-1024-gbfbf38f2cb (webtiles) character file.

Game seed: 17936377870477772571, levelgen mode: deterministic

2381 Flugslaktarn the Skirmisher (level 9, -8/63 HPs)
             Began as an Octopode Fighter on May 12, 2020.
             Was a Believer of Cheibriados.
             Impaled on a porcupine's spines (14 damage)
             ... on level 8 of the Dungeon.
             The game lasted 00:04:17 (7568 turns).

Flugslaktarn the Skirmisher (Octopode Fighter)      Turns: 7568, Time: 00:04:18

Health: -8/63      AC:  3    Str: 20    XL:     9   Next: 45%
Magic:  18/19      EV: 16    Int: 14    God:    Cheibriados [**....]
Gold:   307        SH: 15    Dex: 18    Spells: 8/8 levels left

rFire    . . .     SeeInvis .   v - +0 war axe (flame)
rCold    . . .     Gourm    .   b - +4 kite shield
rNeg     . . .     Faith    .   (helmet restricted)
rPois    .         Spirit   .   (no amulet)
rElec    .         Reflect  .   h - ring of magical power
rCorr    +         Harm     .   p - +2 ring of protection
MR       .....                  k - ring of resist corrosion
Stlth    +++.......             (no ring)
HPRegen  0.20/turn              (no ring)
MPRegen  0.16/turn              (no ring)
                                (no ring)
                                (no ring)

@: mighty, very slow
A: almost no armour, stealthy swim, amphibious, 8 rings, constrict 8, camouflage
1, gelatinous body 1
a: Bend Time, Renounce Religion


You were on level 8 of the Dungeon.
You worshipped Cheibriados.
Cheibriados was pleased with you.
You were hungry.

You visited 2 branches of the dungeon, and saw 9 of its levels.

You collected 359 gold pieces.
You spent 52 gold pieces at shops.

Inventory:

Hand Weapons
 a - a +0 war axe
 v - a +0 war axe of flaming (weapon)
   (You took it off an orc on level 4 of the Dungeon)
Armour
 b - a +4 kite shield (worn)
Jewellery
 h - a ring of magical power (left tentacle)
   (You found it on level 2 of the Dungeon)
 k - a ring of resist corrosion (on tentacle)
   (You found it on level 5 of the Dungeon)
 p - a +2 ring of protection (right tentacle)
   (You found it on level 1 of the Dungeon)
Wands
 c - a wand of disintegration (13)
   (You took it off Ijyb on level 3 of the Dungeon)
 g - a wand of paralysis (9)
   (You found it on level 4 of the Dungeon)
 s - a wand of flame (33)
   (You took it off Grinder on level 3 of the Dungeon)
Scrolls
 m - 2 scrolls of fog
 o - a scroll of fear
 t - 2 scrolls of teleportation
 x - 5 scrolls of remove curse
 z - a scroll of blinking
Potions
 f - a potion of mutation {unknown}
 i - 2 potions of stabbing
 j - a potion of ambrosia
 l - a potion of lignification {unknown}
 n - 3 potions of resistance
 q - 4 potions of curing
 A - 2 potions of brilliance
Comestibles
 e - 14 rations


   Skills:
 + Level 6.8 Fighting
 + Level 6.4 Axes
 + Level 6.8 Dodging
 + Level 6.8 Shields
 + Level 1.4 Invocations


You had 8 spell levels left.
You didn't know any spells.
Your spell library was empty.

Dungeon Overview and Level Annotations

Branches:
Dungeon (8/15)             Temple (1/1) D:4            Lair (0/6) D:8

Altars:
Ashenzari
Cheibriados
Elyvilon
Hepliaklqana
Makhleb
Nemelex Xobeh
Qazlal
Wu Jian
The Shining One

Shops:
D:4 *   D:5 *   D:6 }

Annotations:
D:3 1 runed translucent door, Crazy Yiuf
D:8 Maggie


Innate Abilities, Weirdness & Mutations

You cannot wear most types of armour.
You are very stealthy in the water. (Stealth+)
You are amphibious.
You can wear up to eight rings at the same time.
You can use your tentacles to constrict eight enemies at once.
Your skin changes colour to match your surroundings (Stealth+).
Your rubbery body absorbs attacks. (AC +1, EV +1)


Message History

You block the crocodile's attack. The crocodile bites you.
You slash the crocodile! You burn the crocodile!
You kill the crocodile!
Cheibriados appreciates the change of pace.
You hit the crocodile but do no damage. You block the crocodile's attack.
You are struck by the porcupine's spines.
You hit the porcupine. You burn the porcupine.
The porcupine is moderately wounded.
You barely miss the crocodile. The porcupine bites you!
* * * LOW HITPOINT WARNING * * *
You block the crocodile's attack.
You are too injured to fight recklessly!
You feel much better. The porcupine bites you!
You block the crocodile's attack. The porcupine bites you!
* * * LOW HITPOINT WARNING * * *
You feel very mighty all of a sudden. You block the crocodile's attack.
The porcupine misses you.
A vampire comes into view.
You are struck by the porcupine's spines.
You die...

.. ........#
.##.....V.
....[.... ...
. ..##.# ..
...#.#.##.#
... ..#.#.##.#
....#.#...†..#
...)#.###.#..#
........#.#r@#
...........t##
.P......#.#r#
Y..♣.P%...#.#
♣...PP....#.#
..♣..........
.P.P......P..#
Y..P....♣PP..#
P♣o>P..P..♣..#


You could see a vampire (wandering), a crocodile and 2 porcupines.

Vanquished Creatures
  Grinder (D:3)
  A hippogriff (D:7)
  An ice beast (D:5)
  An orc warrior (D:6)
  A sky beast (D:5)
  2 ogres
  3 centaurs
  A crocodile (D:8)
  2 bullfrogs (D:7)
  A scorpion (D:7)
  A howler monkey (D:5)
  2 crimson imps
  2 bullfrog zombies
  A jelly (D:7)
  3 hounds
  5 orc priests
  A bullfrog skeleton (D:7)
  6 orc wizards
  Ijyb (D:3)
  5 worker ants
  A hound zombie (D:7)
  A hound skeleton (D:7)
  8 adders
  3 shadow imps
  An ooze (D:2)
  An adder zombie (D:5)
  4 worms
  4 leopard geckos
  32 orcs
  12 bats
  5 giant cockroaches
  17 hobgoblins
  11 jackals
  4 quokkas
  2 ball pythons
  5 frilled lizards
  11 goblins
  11 kobolds
  A leopard gecko skeleton (D:5)
  A leopard gecko zombie (D:5)
  7 rats
183 creatures vanquished.

Notes
Turn   | Place    | Note
-------+----------+-------------------------------------------
     0 | D:1      | Flugslaktarn the Octopode Fighter began the quest for the
                  | Orb.
     0 | D:1      | Reached XP level 1. HP: 16/16 MP: 1/1
   209 | D:1      | Reached XP level 2. HP: 21/21 MP: 2/2
   526 | D:1      | Reached XP level 3. HP: 9/26 MP: 3/3
  1506 | D:2      | Reached XP level 4. HP: 31/31 MP: 4/4
  2609 | D:3      | Noticed Grinder
  2614 | D:3      | Killed Grinder
  2614 | D:3      | Reached XP level 5. HP: 19/37 MP: 5/5
  2614 | D:3      | Reached XP level 6. HP: 22/43 MP: 6/6
  2947 | D:3      | Noticed Ijyb
  2951 | D:3      | Killed Ijyb
  3063 | D:3      | Reached XP level 7. HP: 16/49 MP: 7/7
  3587 | D:3      | Found a runed translucent door.
  3588 | D:3      | Noticed Crazy Yiuf
  4046 | D:4      | Reached skill level 5 in Dodging
  4052 | D:4      | Reached skill level 5 in Fighting
  4058 | D:4      | Reached skill level 5 in Shields
  4141 | D:4      | Found Asock's General Store.
  4275 | D:4      | Found a staircase to the Ecumenical Temple.
  4340 | Temple   | Entered the Ecumenical Temple
  4441 | Temple   | Became a worshipper of Cheibriados the Contemplative
  4634 | D:5      | Entered Level 5 of the Dungeon
  4882 | D:5      | Reached XP level 8. HP: 40/55 MP: 8/8
  4988 | D:5      | Reached skill level 5 in Axes
  5067 | D:5      | Found Jing's General Store.
  5076 | D:5      | Bought a scroll of fear for 52 gold pieces
  5847 | D:6      | Found a burning altar of Makhleb.
  5866 | D:6      | Found Gusozxow's Gadget Shop.
  6061 | D:6      | Reached * piety under Cheibriados
  6430 | D:7      | Reached XP level 9. HP: 43/62 MP: 9/9
  6675 | D:7      | Reached ** piety under Cheibriados
  7048 | D:7      | Reached skill level 1 in Invocations
  7554 | D:8      | Found a staircase to the Lair.
  7556 | D:8      | Noticed Maggie
  7568 | D:8      | Impaled on a porcupine's spines

Illustrated notes

Levels and vault maps discovered:
D:1:      eino_arrival_water_star, layout_loops_ring
D:2:      layout_basic, minmay_misc_feat_encased, minmay_pentomino_pile
D:3:      layout_loops_ring, minmay_goblin_outpost, uniq_grinder, uniq_ijyb,
          uniq_crazy_yiuf_cottage
D:4:      layout_loops_cross, minmay_temple_entry_fiery, serial_shops,
          nicolae_shop_stone
D:5:      layout_basic, first_ration, serial_shops, shop,
          corexii_item_surrounded_by_moat
D:6:      layout_rooms, lemuel_crystal_altar, serial_shops, shop_fountains,
          glass_columns_a
D:7:      layout_loops_ring
D:8:      layout_basic, minmay_lair_entry_grove, the_bakery, interstate_on_off,
          minivault_4, minmay_shop_grid_forest, uniq_maggie
Temple:   nicolae_temple_the_god_donut

Skill      XL: |  1  2  3  4  5  6  7  8  9 |
---------------+----------------------------+-----
Axes           | 3 4 5 6 |  6.4
Fighting       | 4 5 6 |  6.8
Dodging        | 4 5 6 |  6.8
Shields        | 4 5 6 |  6.8
Invocations    | 1 |  1.4

Action                   |  1- 3 |  4- 6 |  7- 9 || total
-------------------------+-------+-------+-------++-------
Melee: War axe           |    75 |    94 |   192 ||   361
       Constrict         |    22 |    27 |    48 ||    97
       Tentacles         |    10 |    22 |    51 ||    83
  Use: Potion            |       |     2 |     3 ||     5
       Scroll            |       |       |    15 ||    15
 Stab: Sleeping          |    12 |     4 |    12 ||    28
  Eat: Chunk             |     2 |     5 |     5 ||    12
       Ration            |       |       |     2 ||     2
Armor: Skin              |     8 |     9 |    18 ||    35
Dodge: Dodged            |    30 |    37 |    83 ||   150
Block: Kite shield       |    36 |    44 |   122 ||   202

Table legend:
 A = Non-vault XP
 B = Vault XP
 C = Vault XP percentage of total XP
 D = Non-vault monster count
 E = Vault monster count
 F = Vault count percentage of total count
                 A         B        C        D         E       F
            +---------+---------+-------+---------+---------+-------
      Total |    2946 |     456 |  13.4 |     165 |      18 |   9.8
            +---------+---------+-------+---------+---------+-------
        D:1 |      52 |       0 |   0.0 |      31 |       0 |   0.0
        D:2 |      76 |      22 |  22.4 |      21 |       7 |  25.0
        D:3 |     156 |     329 |  67.8 |      32 |      10 |  23.8
        D:4 |     386 |       0 |   0.0 |      20 |       0 |   0.0
        D:5 |     495 |       0 |   0.0 |      13 |       0 |   0.0
        D:6 |     554 |       0 |   0.0 |      22 |       0 |   0.0
        D:7 |    1182 |       0 |   0.0 |      25 |       0 |   0.0
        D:8 |      45 |     105 |  70.0 |       1 |       1 |  50.0
            +---------+---------+-------+---------+---------+-------
